 Dungeon Crawl Stone Soup version 0.29-a0-356-g7bc237e783 (webtiles) character file.

Game seed: 12988290022463992840

52 HendSelp the Cudgeller (level 3, -11/22 HPs)
             Began as a Gargoyle Gladiator on Apr 26, 2022.
             Killed from afar by Ijyb (31 damage)
             ... with a bolt of acid
             ... on level 3 of the Dungeon.
             The game lasted 00:02:00 (3503 turns).

HendSelp the Cudgeller (Gargoyle Gladiator)         Turns: 3503, Time: 00:02:00

Health: -11/22     AC:  9    Str: 19    XL:     3   Next: 85%
Magic:  3/3        EV: 12    Int:  8    God:
Gold:   112        SH:  0    Dex: 11    Spells: 2/2 levels left

rFire   . . .      SeeInvis .   a - +0 flail
rCold   . . .      Faith    .   (no shield)
rNeg    + . .      Spirit   .   b - +0 leather armour
rPois   ∞          Reflect  .   c - +0 helmet
rElec   +          Harm     .   (no cloak)
rCorr   .          Rampage  .   l - +1 pair of gloves
Will    .....                   (no boots)
Stlth   +.........              (no amulet)
HPRegen 0.07/turn               (no ring)
MPRegen 0.08/turn               (no ring)

@: no status effects
A: sickness immunity, AC +3, negative energy resistance 1, electricity
resistance, torment resistance 1, petrification resistance
a: no special abilities


You were on level 3 of the Dungeon.
You visited 1 branch of the dungeon, and saw 3 of its levels.

You collected 112 gold pieces.

Inventory:

Hand Weapons
 a - a +0 flail (weapon)
Missiles
 d - 3 throwing nets (quivered)
 e - a javelin
Armour
 b - a +0 leather armour (worn)
 c - a +0 helmet (worn)
 l - a +1 pair of gloves (worn)
Scrolls
 g - 2 scrolls of blinking
Potions
 f - a potion of might
 h - 4 potions of curing {unknown}
 i - 2 potions of flight {unknown}
 j - a potion of attraction {unknown}
 k - 3 potions of heal wounds {unknown}
 n - a potion of haste {unknown}


   Skills:
 * Level 2.6 Fighting
 * Level 4.0 Maces & Flails
 - Level 1.7 Throwing
 * Level 1.6 Armour
 - Level 2.4 Dodging


You had 2 spell levels left.
You didn't know any spells.
Your spell library contained the following spells:

 Spells                   Type           Power      Damage    Failure   Level
 Sting                    Tmut/Pois      0%         1d3       45%         1
 Poisonous Vapours        Pois/Air       0%         N/A       61%         2
 Olgreb's Toxic Radiance  Pois           0%         N/A       99%         4


Dungeon Overview and Level Annotations

Branches:
Dungeon (3/15)

Altars:
Cheibriados
Nemelex Xobeh
Vehumet
Wu Jian
Zin

Annotations:
D:3 Ijyb


Innate Abilities, Weirdness & Mutations

You are immune to sickness and miasma.
Your stone body is resilient. (AC +3)
You are immune to poison.
You resist negative energy. (rN+)
You are resistant to electric shocks. (rElec)
You are resistant to unholy torment.
You are immune to petrification.


Message History

You barely miss the goblin. The goblin hits you but does no damage.
Unknown command.
You sock the goblin!
You kill the goblin!
The goblin hits you but does no damage.
Ijyb screams, "No!
No, no, no, no!"
Unknown command.
Unknown command.
You hit Ijyb.
Ijyb is moderately wounded.
The goblin unwields a +0 hunting sling.
The goblin misses you.
Unknown command.
You barely miss Ijyb.
Ijyb is moderately wounded.
The goblin barely misses you.
Ijyb zaps a wand.
The bolt of acid misses you. The goblin hits you but does no damage.
Unknown command.
You hit Ijyb but do no damage. You punch Ijyb, but do no damage.
Ijyb is moderately wounded.
The goblin barely misses you. Ijyb closely misses you.
The goblin barely misses you.
Unknown command.
You closely miss Ijyb.
Ijyb is lightly wounded.
The goblin closely misses you. Ijyb screams, "I cut your head off!"
Ijyb zaps a wand.
The bolt of acid misses you. The goblin hits you but does no damage.
Unknown command.
You hit Ijyb but do no damage.
Ijyb is lightly wounded.
The goblin completely misses you. Ijyb hits you with a +0 dagger.
The goblin hits you but does no damage. x2; Ijyb hits you with a +0 dagger.
Unknown command.
You hit Ijyb.
Ijyb is moderately wounded.
The goblin hits you but does no damage. x2; Ijyb zaps a wand.
The bolt of acid hits you!!
Ouch! That really hurt!
You die...

#.. #.....#)..#..≈≈#
#.. #.....#...#..≈≈##
#.. #.....#...#..≈≈..
##'##.....##'##..≈≈..
#............#...≈≈..
#............#...≈≈..
#...##########...≈≈..
#...#g...... ###≈≈..
#...@g...... #≈≈..
#...'g...... #≈≈##
############ ###


You could see Ijyb and 2 goblins.

Vanquished Creatures
  2 worms
  4 orcs (D:3)
  2 ball pythons
  3 bats
  3 endoplasms
  2 giant cockroaches
  6 goblins
  3 hobgoblins
  7 jackals
  2 quokkas (D:2)
  A kobold (D:1)
  A rat (D:3)
36 creatures vanquished.

Notes
Turn   | Place    | Note
-------+----------+-------------------------------------------
     0 | D:1      | HendSelp the Gargoyle Gladiator began the quest for the
                  | Orb.
     0 | D:1      | Reached XP level 1. HP: 12/12 MP: 1/1
   300 | D:1      | Reached XP level 2. HP: 8/17 MP: 2/2
  1712 | D:2      | Reached skill level 1 in Armour
  1955 | D:2      | Reached XP level 3. HP: 18/22 MP: 3/3
  2483 | D:3      | HP: 1/22 [orc/+0 trident (4)]
  2839 | D:3      | Found an ornate altar of the Wu Jian Council.
  2839 | D:3      | Found a radiant altar of Vehumet.
  2839 | D:3      | Found a snail-covered altar of Cheibriados.
  2842 | D:3      | Found a sparkling altar of Nemelex Xobeh.
  2863 | D:3      | Found a glowing silver altar of Zin.
  3420 | D:3      | Reached skill level 4 in Maces & Flails
  3493 | D:3      | Noticed Ijyb
  3503 | D:3      | Killed from afar by Ijyb

Illustrated notes

Levels and vault maps discovered:
D:1:      denvon_arrival_hothouse, layout_basic, serial_co_window_serial,
          co_window_of_opportunity_a, co_window_corner_a, co_window_corner_a,
          co_window_of_opportunity_a, co_window_of_opportunity_a,
          co_window_2corner, co_window_broadway_c, co_window_unsneaky_path_b,
          co_window_of_opportunity_b, co_window_2corner, co_window_2corner,
          glass_columns_b, glass_columns_a, glass_columns_a, glass_columns_a
D:2:      layout_basic
D:3:      kennysheep_goblin_castle, layout_loops_corners,
          grunt_temple_overflow_open

Skill      XL: |  1  2  3 |
---------------+----------+-----
Armour         | 1 |  1.6
Maces & Flails | 4 |  4.0
Fighting       | |  2.6
Throwing       | |  1.7
Dodging        | |  2.4

Action                   || total
-------------------------++-------
Melee: Flail             ||   132
       Punch             ||     2
  Use: Scroll            ||     5
Armor: Leather armour    ||    63
Dodge: Dodged            ||   109

Table legend: (Time is in decaauts)
 A = Elapsed time spent in this place.
 B = Non-inter-level travel time spent in this place.
 C = Inter-level travel time spent in this place.
 D = Time resting spent in this place.
 E = Time spent auto-exploring this place.
 F = Levels seen in this place.
 G = Mean time per level.
                   A        B        C        D        E       F      G
               +--------+--------+--------+--------+--------+-----+--------+
         Total |   3531 |   3440 |     91 |    485 |   2542 |   3 | 1177.0 |
       Dungeon |   3531 |   3440 |     91 |    485 |   2542 |   3 | 1177.0 |
               +--------+--------+--------+--------+--------+-----+--------+

Top non-repeatable levels by time:
     D:2: 1395 daAuts
     D:1: 1284 daAuts
     D:3: 851 daAuts
